General information
- name: BNet
- type: Ladder team game (AT/RT)
- host: Battle.net
- saver: WesFSTGDB
map: DragonFalls
- players: 8
- length: 25:10
- speed: Fast
- version: 1.25 W3XP
- replay type: Public
» download(248 KB)
Players
team 1 (winner)
WesFSTGDB (
red | 112 APM | 2823 actions | 25:10)
7 Death Knight
3 Death Coil
2 Unholy Aura
1 Death Pact
1 Animate Dead
5 Dark Ranger
2 Black Arrow
3 Silence
» actions
| Assign group hotkey | 22 | |
| Basic commands | 715 | |
| Build / train | 99 | |
| Enter build submenu | 22 | |
| Enter hero's abilities submenu | 12 | |
| Give item / drop item | 5 | |
| Right click | 944 | |
| Select / deselect | 438 | |
| Select group hotkey | 450 | |
| Use ability | 114 | |
2823 total
» units
| Acolyte | 9 | |
| Ghoul | 7 | |
| Crypt Fiend | 11 | |
| Obsidian Statue | 3 | |
| Frost Wyrm | 7 | |
| Green Dragon | 3 | |
40 total
» upgrades
| Creature Attack | 3 | |
| Creature Carapace | 2 | |
| Web | 1 | |
6 total
» buildings
| Graveyard | 1 | |
| Crypt | 1 | |
| Ziggurat | 8 | |
| Altar of Darkness | 1 | |
| Nerubian Tower | 1 | |
| Tomb of Relics | 1 | |
| Halls of the Dead | 5 | |
| Necropolis | 1 | |
| Slaughterhouse | 1 | |
| Black Citadel | 2 | |
| Spirit Tower | 1 | |
| Sacrificial Pit | 1 | |
| Boneyard | 5 | |
29 total
» build order
00:23 Graveyard
00:26 Crypt
00:48 Ziggurat
01:04 Altar of Darkness
01:40 Nerubian Tower
01:56 Ziggurat
02:30 Tomb of Relics
04:00 Halls of the Dead
04:00 Halls of the Dead
04:00 Halls of the Dead
04:34 Ziggurat
06:16 Necropolis
08:30 Slaughterhouse
09:07 Black Citadel
09:07 Black Citadel
09:42 Spirit Tower
10:53 Ziggurat
10:55 Ziggurat
10:55 Ziggurat
12:42 Sacrificial Pit
13:33 Boneyard
13:34 Boneyard
13:53 Boneyard
14:08 Ziggurat
14:09 Ziggurat
17:03 Boneyard
17:04 Boneyard
» items
| Rod of Necromancy | 2 | |
| Potion of Healing | 2 | |
| Scroll of Town Portal | 5 | |
| Scroll of Protection | 2 | |
| Scroll of Healing | 4 | |
| Potion of Lesser Invulnerability | 1 | |
16 total
VaNiLLa. (
orange | 95 APM | 2403 actions | 25:09)
7 Death Knight
3 Death Coil
3 Unholy Aura
1 Animate Dead
6 Lich
3 Frost Nova
2 Frost Armor
1 Death and Decay
» actions
| Assign group hotkey | 120 | |
| Basic commands | 13 | |
| Build / train | 84 | |
| ESC pressed | 1 | |
| Enter build submenu | 21 | |
| Enter hero's abilities submenu | 13 | |
| Give item / drop item | 2 | |
| Right click | 908 | |
| Select / deselect | 470 | |
| Select group hotkey | 678 | |
| Use ability | 93 | |
2403 total
» units
| Acolyte | 11 | |
| Ghoul | 3 | |
| Crypt Fiend | 11 | |
| Frost Wyrm | 13 | |
38 total
» upgrades
| Creature Attack | 3 | |
| Web | 1 | |
| Creature Carapace | 2 | |
6 total
» buildings
| Graveyard | 1 | |
| Crypt | 2 | |
| Altar of Darkness | 1 | |
| Ziggurat | 7 | |
| Tomb of Relics | 1 | |
| Nerubian Tower | 1 | |
| Halls of the Dead | 3 | |
| Black Citadel | 3 | |
| Sacrificial Pit | 1 | |
| Boneyard | 2 | |
22 total
» build order
00:09 Graveyard
00:12 Crypt
00:14 Crypt
00:48 Altar of Darkness
01:02 Ziggurat
01:25 Tomb of Relics
01:52 Ziggurat
02:34 Nerubian Tower
03:52 Ziggurat
04:37 Halls of the Dead
04:37 Halls of the Dead
05:54 Ziggurat
07:51 Black Citadel
07:52 Black Citadel
07:52 Black Citadel
10:11 Sacrificial Pit
11:41 Boneyard
11:42 Boneyard
12:48 Ziggurat
15:28 Ziggurat
17:51 Ziggurat
» items
| Rod of Necromancy | 1 | |
| Orb of Corruption | 1 | |
| Scroll of Town Portal | 3 | |
| Circlet of Nobility | 1 | |
| Boots of Speed | 1 | |
| Scroll of Regeneration | 1 | |
| Lesser Clarity Potion | 1 | |
| Potion of Healing | 2 | |
| Dust of Appearance | 1 | |
12 total
999RoCcO (
teal | 102 APM | 2564 actions | 25:10)
6 Paladin
2 Holy Light
2 Devotion Aura
1 Divine Shield
1 Resurrection
» actions
| Assign group hotkey | 27 | |
| Basic commands | 215 | |
| Build / train | 120 | |
| ESC pressed | 3 | |
| Enter build submenu | 31 | |
| Enter hero's abilities submenu | 7 | |
| Give item / drop item | 4 | |
| Right click | 757 | |
| Select / deselect | 730 | |
| Select group hotkey | 532 | |
| Use ability | 138 | |
2564 total
» units
| Peasant | 24 | |
| Rifleman | 22 | |
| Priest | 6 | |
| Sorceress | 4 | |
| Spell Breaker | 2 | |
58 total
» upgrades
| Gunpowder | 1 | |
| Masonry | 2 | |
| Lumber Harvesting | 1 | |
| Long Rifles | 2 | |
| Armor | 1 | |
| Priest Training | 1 | |
| Sorceress Training | 1 | |
9 total
» buildings
| Farm | 8 | |
| Altar of Kings | 1 | |
| Blacksmith | 1 | |
| Barracks | 1 | |
| Scout Tower | 4 | |
| Arcane Tower | 7 | |
| Lumber Mill | 1 | |
| Arcane Vault | 4 | |
| Town Hall | 2 | |
| Keep | 5 | |
| Guard Tower | 6 | |
| Gryphon Aviary | 1 | |
| Arcane Sanctum | 3 | |
44 total
» build order
00:58 Farm
01:01 Altar of Kings
01:05 Blacksmith
01:18 Barracks
01:47 Farm
02:07 Scout Tower
02:37 Arcane Tower
02:37 Arcane Tower
02:37 Arcane Tower
02:51 Farm
03:47 Farm
04:15 Lumber Mill
04:49 Arcane Vault
05:11 Town Hall
05:46 Keep
05:46 Keep
05:50 Scout Tower
06:07 Farm
06:37 Arcane Tower
06:37 Arcane Tower
06:42 Scout Tower
07:03 Farm
07:18 Scout Tower
07:23 Guard Tower
07:23 Guard Tower
07:24 Guard Tower
08:05 Guard Tower
08:06 Guard Tower
09:08 Farm
09:18 Arcane Vault
09:41 Arcane Vault
10:39 Gryphon Aviary
11:55 Arcane Sanctum
12:55 Arcane Sanctum
13:46 Farm
15:26 Town Hall
18:02 Arcane Vault
18:42 Keep
18:43 Keep
22:50 Arcane Sanctum
» items
| Boots of Speed | 1 | |
| Scroll of Regeneration | 3 | |
| Lesser Clarity Potion | 3 | |
| Potion of Healing | 3 | |
| Potion of Mana | 1 | |
| Scroll of Town Portal | 6 | |
| Scroll of Protection | 2 | |
| Orb of Corruption | 1 | |
| Scroll of Healing | 2 | |
22 total
papa-leone (
yellow | 39 APM | 970 actions | 25:10)
6 Priestess of the Moon
3 Trueshot Aura
2 Searing Arrows
1 Starfall
1 Warden
1 Fan of Knives
» actions
| Assign group hotkey | 27 | |
| Basic commands | 42 | |
| Build / train | 68 | |
| Enter build submenu | 14 | |
| Enter hero's abilities submenu | 7 | |
| Remove unit from queue | 3 | |
| Right click | 339 | |
| Select / deselect | 243 | |
| Select group hotkey | 197 | |
| Use ability | 30 | |
970 total
» units
| Wisp | 11 | |
| Archer | 20 | |
| Hippogryph | 7 | |
| Druid of the Talon | 3 | |
| Dryad | 4 | |
45 total
» upgrades
| Improved Bows | 1 | |
| Moon Armor | 2 | |
| Strength of the Moon | 1 | |
| Hippogryph Taming | 1 | |
| Abolish Magic | 1 | |
6 total
» buildings
| Altar of Elders | 1 | |
| Moon Well | 6 | |
| Ancient of War | 2 | |
| Tree of Ages | 1 | |
| Hunter's Hall | 1 | |
| Ancient of Wind | 2 | |
| Ancient of Wonders | 1 | |
| Ancient of Lore | 1 | |
| Tree of Life | 1 | |
16 total
» build order
00:26 Altar of Elders
00:40 Moon Well
00:55 Ancient of War
01:43 Ancient of War
01:50 Moon Well
02:58 Moon Well
04:07 Moon Well
05:51 Tree of Ages
08:33 Hunter's Hall
09:35 Ancient of Wind
09:36 Ancient of Wind
13:14 Ancient of Wonders
15:05 Moon Well
18:57 Ancient of Lore
19:16 Moon Well
22:23 Tree of Life
» items
| Rod of Necromancy | 1 | |
| Scroll of Town Portal | 2 | |
3 total
team 2 (loser)
fLipZ[ (
green | 123 APM | 3062 actions | 24:57)
5 Mountain King
3 Storm Bolt
2 Bash
5 Paladin
3 Holy Light
2 Divine Shield
» actions
| Assign group hotkey | 65 | |
| Basic commands | 593 | |
| Build / train | 100 | |
| Enter build submenu | 23 | |
| Enter hero's abilities submenu | 10 | |
| Give item / drop item | 2 | |
| Remove unit from queue | 4 | |
| Right click | 879 | |
| Select / deselect | 386 | |
| Select group hotkey | 877 | |
| Use ability | 122 | |
3062 total
» units
| Peasant | 16 | |
| Footman | 4 | |
| Rifleman | 20 | |
| Gryphon Rider | 8 | |
| Siege Engine | 7 | |
| Knight | -1 | |
54 total
» upgrades
| Barrage | 1 | |
| Lumber Harvesting | 1 | |
| Gunpowder | 2 | |
| Long Rifles | 1 | |
| Storm Hammers | 1 | |
6 total
» buildings
| Altar of Kings | 1 | |
| Barracks | 1 | |
| Farm | 13 | |
| Blacksmith | 1 | |
| Arcane Vault | 1 | |
| Town Hall | 1 | |
| Keep | 2 | |
| Lumber Mill | 1 | |
| Castle | 2 | |
| Workshop | 2 | |
| Gryphon Aviary | 1 | |
26 total
» build order
00:09 Altar of Kings
00:21 Barracks
00:35 Farm
00:53 Farm
02:16 Blacksmith
02:45 Farm
03:03 Arcane Vault
04:10 Farm
04:46 Town Hall
07:11 Keep
07:12 Keep
09:14 Farm
09:15 Farm
09:47 Lumber Mill
09:48 Castle
09:48 Castle
10:00 Workshop
10:59 Gryphon Aviary
13:23 Farm
14:16 Farm
14:18 Farm
15:06 Farm
15:07 Farm
16:41 Workshop
16:44 Farm
17:41 Farm
» items
| Scroll of Regeneration | 3 | |
| Lesser Clarity Potion | 4 | |
| Scroll of Town Portal | 3 | |
| Scroll of Protection | 2 | |
| Scroll of Healing | 1 | |
| Potion of Lesser Invulnerability | 2 | |
| Potion of Healing | 1 | |
16 total

»
The_Long_Shanks (
blue | 45 APM | 1137 actions | 25:00)
6 Crypt Lord
3 Impale
2 Spiked Carapace
1 Locust Swarm
2 Death Knight
1 Death Coil
1 Unholy Aura
1 Lich
1 Frost Nova
» actions
| Assign group hotkey | 6 | |
| Basic commands | 102 | |
| Build / train | 88 | |
| Enter build submenu | 16 | |
| Enter hero's abilities submenu | 9 | |
| Give item / drop item | 2 | |
| Remove unit from queue | 3 | |
| Right click | 442 | |
| Select / deselect | 315 | |
| Select group hotkey | 89 | |
| Use ability | 65 | |
1137 total
» units
| Acolyte | 13 | |
| Ghoul | 5 | |
| Crypt Fiend | 27 | |
| Gargoyle | 6 | |
51 total
» upgrades
| Creature Attack | 3 | |
| Creature Carapace | 2 | |
| Web | 1 | |
6 total
» buildings
| Crypt | 3 | |
| Graveyard | 1 | |
| Ziggurat | 8 | |
| Altar of Darkness | 1 | |
| Spirit Tower | 8 | |
| Tomb of Relics | 1 | |
| Halls of the Dead | 1 | |
| Black Citadel | 1 | |
24 total
» build order
00:57 Crypt
01:07 Graveyard
01:21 Ziggurat
01:34 Altar of Darkness
01:57 Ziggurat
03:12 Ziggurat
03:46 Spirit Tower
05:24 Tomb of Relics
05:49 Ziggurat
06:54 Spirit Tower
06:55 Spirit Tower
07:50 Halls of the Dead
12:27 Ziggurat
12:27 Ziggurat
12:28 Ziggurat
12:30 Ziggurat
13:11 Black Citadel
13:19 Spirit Tower
13:21 Spirit Tower
13:24 Spirit Tower
15:16 Crypt
17:17 Spirit Tower
20:55 Crypt
» items
| Rod of Necromancy | 1 | |
| Scroll of Town Portal | 2 | |
| Potion of Healing | 2 | |
| Orb of Corruption | 1 | |
6 total

»
Nekrophiliac (
pink | 58 APM | 1471 actions | 25:09)
5 Blademaster
3 Wind Walk
2 Critical Strike
2 Tauren Chieftain
1 Endurance Aura
1 Shockwave
» actions
| Assign group hotkey | 25 | |
| Basic commands | 92 | |
| Build / train | 86 | |
| ESC pressed | 3 | |
| Enter build submenu | 18 | |
| Enter hero's abilities submenu | 7 | |
| Right click | 606 | |
| Select / deselect | 295 | |
| Select group hotkey | 256 | |
| Use ability | 83 | |
1471 total
» units
| Peon | 7 | |
| Grunt | 15 | |
| Shaman | 4 | |
| Raider | 4 | |
| Troll Batrider | 8 | |
| Troll Headhunter/Berserker | 2 | |
40 total
» upgrades
| Berserker Strength | 1 | |
| Pillage | 1 | |
| Shaman Training | 2 | |
| Ensnare | 1 | |
| Troll Regeneration | 1 | |
| Berserker Upgrade | 1 | |
7 total
» buildings
| Altar of Storms | 1 | |
| Barracks | 1 | |
| Orc Burrow | 8 | |
| Voodoo Lounge | 1 | |
| Stronghold | 4 | |
| War Mill | 1 | |
| Spirit Lodge | 1 | |
| Fortress | 1 | |
| Beastiary | 1 | |
| Great Hall | 2 | |
21 total
» build order
00:21 Altar of Storms
00:24 Barracks
00:36 Orc Burrow
01:40 Orc Burrow
02:21 Voodoo Lounge
03:49 Orc Burrow
05:08 Stronghold
05:08 Stronghold
07:11 Orc Burrow
09:03 War Mill
09:46 Spirit Lodge
10:26 Orc Burrow
10:53 Fortress
13:43 Beastiary
14:46 Great Hall
15:11 Orc Burrow
16:28 Orc Burrow
20:15 Orc Burrow
20:18 Great Hall
» items
| Healing Salve | 4 | |
| Lesser Clarity Potion | 1 | |
| Scroll of Speed | 2 | |
| Scroll of Town Portal | 4 | |
| Scroll of Protection | 1 | |
| Orb of Lightning | 1 | |
| Tiny Great Hall | 1 | |
14 total
TS. (
purple | 104 APM | 2614 actions | 25:03)
7 Priestess of the Moon
3 Searing Arrows
3 Trueshot Aura
1 Starfall
» actions
| Assign group hotkey | 56 | |
| Basic commands | 325 | |
| Build / train | 92 | |
| Enter build submenu | 17 | |
| Enter hero's abilities submenu | 7 | |
| Remove unit from queue | 4 | |
| Right click | 915 | |
| Select / deselect | 638 | |
| Select group hotkey | 509 | |
| Use ability | 47 | |
2614 total
» units
» upgrades
| Strength of the Moon | 3 | |
| Moon Armor | 2 | |
| Sentinel | 1 | |
| Improved Bows | 1 | |
| Marksmanship | 1 | |
8 total
» buildings
| Altar of Elders | 1 | |
| Moon Well | 6 | |
| Ancient of War | 2 | |
| Hunter's Hall | 1 | |
| Tree of Ages | 1 | |
| Ancient of Wonders | 1 | |
| Tree of Eternity | 1 | |
| Tree of Life | 1 | |
14 total
» build order
00:23 Altar of Elders
00:33 Moon Well
00:48 Ancient of War
01:43 Ancient of War
02:07 Hunter's Hall
02:21 Moon Well
03:05 Moon Well
06:13 Tree of Ages
06:21 Moon Well
08:13 Moon Well
09:07 Moon Well
13:34 Ancient of Wonders
16:04 Tree of Eternity
22:19 Tree of Life
» items
Chat log
(00:24 / Allies) 999RoCcO: zzzzzzz
(00:28 / Allies) WesFSTGDB: hi
(00:35 / Allies) papa-leone: hey
(00:43 / Allies) WesFSTGDB: split rush
(01:08 / Allies) VaNiLLa.: hmm
(01:15 / Allies) 999RoCcO: hi
(03:42 / Allies) WesFSTGDB: coming sec
(03:57 / Allies) 999RoCcO: help
(05:46 / Allies) VaNiLLa.: take that ill get the one south of me
(06:15 / Allies) papa-leone: no rush?
(06:17 / Allies) VaNiLLa.: k
(07:09 / Allies) VaNiLLa.: 2 bot
(07:11 / Allies) papa-leone: bulshit
(07:12 / Allies) papa-leone: i tped
(07:15 / Allies) VaNiLLa.: oh a feeder
(07:15 / Allies) VaNiLLa.: nice
(07:16 / Allies) WesFSTGDB: rofl lok at thi skid
(08:11 / Allies) WesFSTGDB: out we go back shortly
(08:16 / Allies) VaNiLLa.: yes
(08:42 / Allies) WesFSTGDB: han gon coming
(08:46 / Allies) VaNiLLa.: ?
(08:49 / Allies) WesFSTGDB: you go ornage
(08:50 / Allies) VaNiLLa.: do i have time to clear my expo
(08:50 / Allies) WesFSTGDB: tp to teal
(08:54 / Allies) VaNiLLa.: nm
(08:54 / Allies) VaNiLLa.: ok
(08:56 / Allies) 999RoCcO: gg=?
(08:58 / Allies) VaNiLLa.: coil me
(09:42 / Allies) VaNiLLa.: can someone tp>?
(09:43 / Allies) VaNiLLa.: im coming
(10:05 / Allies) 999RoCcO: lumber plz!
(10:09 / Allies) WesFSTGDB: omfg
(10:10 / Allies) WesFSTGDB: wow
(10:17 / Allies) WesFSTGDB: wtf are you guys
(10:23 / Allies) WesFSTGDB: fucking tp
(10:29 / Allies) WesFSTGDB: really?
(10:44 / Allies) WesFSTGDB: getting raped by idiots
(10:44 / Allies) VaNiLLa.: it wasnt there when i was down there
(11:20 / Allies) WesFSTGDB: ROFL BLUE HAS NO TP
(12:28 / Allies) WesFSTGDB: go tp now
(12:30 / Allies) WesFSTGDB: i'll come too
(12:36 / Allies) papa-leone: hurry
(12:51 / Allies) WesFSTGDB: lulmber now 200
(14:00 / Allies) WesFSTGDB: pump the frost we're ok for now
(14:52 / Allies) VaNiLLa.: can you gold me a little?
(15:00 / Allies) VaNiLLa.: ty
(15:18 / Allies) WesFSTGDB: all meet
(15:30 / Allies) WesFSTGDB: as soon as I get enough lumber buying the dragon then we hit
(15:34 / Allies) 999RoCcO: 4
(15:35 / Allies) WesFSTGDB: only grunts lmao
(15:35 / Allies) 999RoCcO: 4
(15:38 / Allies) 999RoCcO: air
(15:54 / Allies) WesFSTGDB: GO
(15:57 / Allies) WesFSTGDB: AMBUSH
(16:20 / Allies) WesFSTGDB: lmao look at the unts
(16:21 / Allies) WesFSTGDB: TP NOW
(16:21 / Allies) VaNiLLa.: hunts still
(16:33 / Allies) WesFSTGDB: WE COUNTER THAT
(17:06 / Allies) WesFSTGDB: HAVE TO HTI NOW
(17:47 / Allies) WesFSTGDB: GO
(18:13 / Allies) papa-leone: yank
(18:15 / Allies) papa-leone: tanks
(18:25 / Allies) 999RoCcO: use gold
(18:25 / Allies) 999RoCcO: 2k
(18:36 / Allies) WesFSTGDB: OUT NOW
(18:37 / Allies) WesFSTGDB: OUT
(18:38 / Allies) WesFSTGDB: NOW
(18:50 / Allies) VaNiLLa.: lust
(18:52 / Allies) VaNiLLa.: fukcs ups
(18:56 / Allies) WesFSTGDB: get breakers for us teal
(18:57 / Allies) WesFSTGDB: please
(19:06 / Allies) papa-leone: im switching to dotts/dryadds
(19:36 / Allies) papa-leone: brt
(19:48 / Allies) WesFSTGDB: \teal you tp too
(21:17 / Allies) WesFSTGDB: COUNTER THIS
(21:48 / Allies) WesFSTGDB: sec coming teal
(22:37 / Allies) 999RoCcO: lumber plz!
(22:51 / Allies) WesFSTGDB: NOW
(23:03 / Allies) VaNiLLa.: can i get some wood yelwlow?
(23:12 / Allies) VaNiLLa.: ty
(24:16 / Allies) VaNiLLa.: coil my dk if possible
(24:48 / All) fLipZ[: zzz gg